 Dungeon Crawl Stone Soup version 0.19-a0-1008-g4c63d25 (webtiles) character file.

3051 mistymad the Thaumaturge (level 9, -2/50 HPs)
             Began as a Deep Elf Wizard on July 22, 2016.
             Was an Initiate of Vehumet.
             Slain by an orc
             ... wielding a +0 morningstar
              (8 damage)
             ... on level 8 of the Dungeon.
             The game lasted 00:47:05 (11416 turns).

mistymad the Thaumaturge (Deep Elf Wizard)         Turns: 11416, Time: 00:47:05

Health: -2/50      AC:  5    Str:  4    XL:     9   Next: 57%
Magic:  7/24       EV: 15    Int: 27    God:    Vehumet [......]
Gold:   449        SH:  0    Dex: 13    Spells: 7 memorised, 12 levels left

rFire  . . .     SeeInvis .     i - +1 dagger
rCold  . . .     Gourm    .     a - +0 robe
rNeg   . . .     Faith    .     (no shield)
rPois  .         Spirit   .     J - +0 helmet
rElec  .         Dismiss  +     n - +1 cloak
rCorr  .         Reflect  .     (no gloves)
SustAt +         Harm     .     (no boots)
MR     .....                    p - amulet of dismissal
Stlth  ++........               (no ring)
                                r - ring of sustain attributes

@: repel missiles, not resistant to hostile enchantments, unstealthy
A: no striking features
a: Renounce Religion


You were on level 8 of the Dungeon.
You worshipped Vehumet.
Vehumet was noncommittal.
You were very hungry.

You visited 3 branches of the dungeon, and saw 10 of its levels.

You collected 449 gold pieces.

Inventory:

Hand Weapons
 i - a +1 dagger (weapon)
Missiles
 D - 3 throwing nets (quivered)
Armour
 a - a +0 robe (worn)
 n - a +1 cloak (worn)
 J - a +0 helmet (worn)
Jewellery
 p - an amulet of dismissal (around neck)
 r - a ring of sustain attributes (left hand)
Wands
 m - a wand of iceblast (8/15)
 u - a wand of iceblast (6/15)
 y - a wand of iceblast (10/15)
 z - a wand of flame (21/48)
 F - a wand of digging (19/24)
Scrolls
 h - 2 scrolls of remove curse
 s - a scroll of immolation
 x - a scroll of teleportation
 C - a scroll of magic mapping
Potions
 b - a potion of haste
 e - 2 potions of degeneration
 f - 3 potions of agility
 g - 3 potions of resistance
 l - a potion of curing
 q - a potion of cancellation
 t - 2 potions of mutation
 v - a potion of brilliance {unknown}
 w - a potion of ambrosia {unknown}
 A - 3 potions of heal wounds
 B - a potion of cure mutation {unknown}
 E - 3 potions of lignification {unknown}
Books
 c - a book of Minor Magic

   Spells                             Type                      Level
   a - Magic Dart                     Conjuration                  1
   b - Blink                          Translocation                2
   c - Call Imp                       Summoning                    2
   d - Repel Missiles                 Charms/Air                   2
   e - Slow                           Hexes                        2
   f - Conjure Flame                  Conjuration/Fire             3
   g - Mephitic Cloud                 Conjuration/Poison/Air       3
Comestibles
 d - 6 bread rations
 j - 11 beef jerkies
 k - 7 fruits
 G - 2 meat rations


   Skills:
 + Level 3.1 Fighting
 - Level 2.0 Short Blades
 + Level 5.7 Dodging
 - Level 2.4 Stealth
 + Level 9.5 Spellcasting
 + Level 6.8 Conjurations
 - Level 1.1 Summonings
 - Level 1.1 Translocations
 - Level 5.8 Air Magic
 - Level 5.0 Poison Magic


You had 12 spell levels left.
You knew the following spells:

 Your Spells              Type           Power        Failure   Level  Hunger
a - Magic Dart            Conj           ####         1%          1    None
b - Conjure Flame         Conj/Fire      ####....     3%          3    None
c - Mephitic Cloud        Conj/Pois/Air  #####...     1%          3    None
d - Repel Missiles        Chrm/Air       ####..       1%          2    None
e - Blink                 Tloc           N/A          6%          2    None
f - Call Imp              Summ           ###.....     6%          2    None
g - Slow                  Hex            ##......     10%         2    None


Dungeon Overview and Level Annotations

Branches:
Dungeon (8/15)             Temple (1/1) D:5            Lair (1/6) D:8

Altars:
Ashenzari
Cheibriados
Dithmenos
Elyvilon
Fedhas
Hepliaklqana
Kikubaaqudgha
Nemelex Xobeh
Okawaru
Pakellas
Qazlal
Ru
Trog
Vehumet
Yredelemnul
Zin
The Shining One

Annotations:
D:5 1 exclusion
D:6 Dowan; Duvessa; no0bjke's ghost, novice GrFi


Message History

Casting: Blink
Confirm with . or Enter, or press ? or * to list all spells.
You blink.
An orc priest comes into view. It is wielding a whip.
The orc priest shouts!
The centaur completely misses you. The hell hound bites you.
The orc priest mumbles some strange prayers to Beogh against you.
Beogh smites you! The centaur hits you.
You take 15 damage, and have 28/50 hp.
MASSIVE DAMAGE!!
You now have 9/24 mp.
Casting: Blink
Confirm with . or Enter, or press ? or * to list all spells.
You blink.
The hell hound breathes flames at you.
The blast of flame misses the orc.
The blast of flame hits you!
Your amulet of dismissal vibrates suddenly!
The hell hound disappears!
The orc warrior hits you with a long sword!
* * * LOW HITPOINT WARNING * * *
The orc hits you with a morningstar!
You die...

#..≈§§§§≈..# #........
#..≈≈.§§§≈.###...[....
#..§≈§.§≈≈..##.##
#.§.§≈§§.≈......#
#.§§.§≈§§..####.#
#..§§§§§...####..#
#.##§coO.......#.#
#...oo.#######.#..
######..@.##### #.#
.....).o......... .#
.................
.................
.................
......./.........
.................
.................
...............


You could see an orc warrior, an ogre, a centaur, 2 orc priests and an orc.

Vanquished Creatures
  Grinder (D:6)
  A two-headed ogre (D:8)
  2 water moccasins
  A hell hound (Lair:1)
  2 orc warriors
  4 ogres
  An ice beast (D:7)
  3 centaurs
  A phantom (D:3)
  A gnoll sergeant (D:4)
  4 giant frogs
  A scorpion (D:7)
  2 crimson imps
  2 hounds
  2 orc wizards
  6 orc priests
  2 giant frog skeletons
  3 iguanas
  4 worker ants
  2 hound skeletons
  Robin (D:3)
  14 gnolls
  10 adders
  2 river rats (Lair:1)
  2 shadow imps
  3 adder skeletons
  A worm (D:7)
  3 dart slugs
  4 giant geckos
  19 orcs
  5 giant cockroaches
  18 goblins
  14 hobgoblins
  2 jackals (D:2)
  4 quokkas
  A ball python (D:2)
  4 bats (D:2)
  8 giant newts
  2 jackal skeletons (D:4)
  A jackal zombie (D:7)
  7 kobolds
  2 quokka skeletons
  A quokka zombie (D:5)
  5 rats
178 creatures vanquished.

Vanquished Creatures (collateral kills)
  An orc wizard (D:4)
  A worker ant (D:6)
  An adder (D:6)
3 creatures vanquished.

Vanquished Creatures (others)
  An ogre (D:7)
  2 fungi (Lair:1)
3 creatures vanquished.

Grand Total: 184 creatures vanquished

Notes
Turn   | Place    | Note
-------+----------+-------------------------------------------
     0 | D:1      | mistymad the Deep Elf Wizard began the quest for the Orb.
     0 | D:1      | Reached XP level 1. HP: 10/10 MP: 7/7
   175 | D:1      | Reached XP level 2. HP: 15/15 MP: 3/9
   279 | D:1      | Reached skill level 1 in Short Blades
   525 | D:2      | Reached XP level 3. HP: 19/19 MP: 7/11
   673 | D:2      | Learned a level 3 spell: Conjure Flame
   677 | D:2      | Learned a level 3 spell: Mephitic Cloud
   688 | D:2      | Found a glowing golden altar of the Shining One.
   702 | D:2      | Found a radiant altar of Vehumet.
   741 | D:2      | Learned a level 2 spell: Repel Missiles
   899 | D:2      | Reached skill level 5 in Spellcasting
  1156 | D:2      | Found a shattered altar of Ashenzari.
  1330 | D:2      | Reached XP level 4. HP: 24/24 MP: 9/13
  1721 | D:3      | Found an oddly glowing altar of Pakellas.
  1781 | D:3      | Reached skill level 1 in Air Magic
  2183 | D:3      | Reached skill level 1 in Poison Magic
  2204 | D:3      | Noticed Robin
  2209 | D:3      | Killed Robin
  2380 | D:3      | Reached XP level 5. HP: 28/28 MP: 11/15
  3358 | D:3      | Learned a level 2 spell: Blink
  3361 | D:3      | Learned a level 2 spell: Call Imp
  3742 | D:4      | Reached skill level 6 in Spellcasting
  3742 | D:4      | Reached XP level 6. HP: 18/32 MP: 1/17
  4890 | D:5      | Entered Level 5 of the Dungeon
  4890 | D:5      | Found a staircase to the Ecumenical Temple.
  4906 | Temple   | Entered the Ecumenical Temple
  5213 | D:4      | Reached XP level 7. HP: 30/36 MP: 11/18
  5863 | D:5      | Reached skill level 7 in Spellcasting
  6288 | D:5      | You fall through a shaft for 2 floors!
  6559 | D:7      | Learned a level 2 spell: Slow
  6628 | D:6      | Reached skill level 5 in Conjurations
  6823 | D:5      | Found a blossoming altar of Fedhas.
  6922 | D:5      | Reached XP level 8. HP: 41/41 MP: 12/21
  7198 | D:5      | Reached skill level 8 in Spellcasting
  7742 | D:6      | Noticed Grinder
  7742 | D:6      | Paralysed by Grinder for 2 turns
  7742 | D:6      | Reached skill level 1 in Fighting
  7746 | D:6      | Killed Grinder
  7871 | D:5      | Reached skill level 5 in Poison Magic
  8215 | D:6      | Noticed Duvessa
  8219 | D:6      | Noticed no0bjke's ghost (novice GrFi)
  8534 | D:7      | Reached skill level 5 in Air Magic
  8668 | D:6      | Reached XP level 9. HP: 48/48 MP: 6/23
  8782 | D:6      | Noticed Dowan
  9769 | D:7      | Reached skill level 9 in Spellcasting
 10230 | D:5      | Reached skill level 5 in Dodging
 10388 | D:2      | Became a worshipper of Vehumet
 10746 | D:8      | Found a staircase to the Lair.
 10886 | Lair:1   | Entered Level 1 of the Lair of Beasts
 11159 | Lair:1   | Noticed a black mamba
 11168 | Lair:1   | HP: 2/50 [black mamba (18)]
 11216 | Lair:1   | Noticed an eight-headed hydra
 11416 | D:8      | Slain by an orc

Vault maps used:
D:1:      saegor_arrival_simple_c
D:2:      nicolae_overflow_hidden_temple, ashenzari_altar_1, tso_oasis_becter
D:3:      first_bread, grunt_pakellas_mercury, uniq_robin
D:4:      portal_sewer_entry_e
D:5:      basic_altar, minmay_statues_item
D:6:      uniq_grinder, uniq_duvessa
D:7:      grunt_ogre_cave, grunt_tough_drop
D:8:      grunt_temple_overflow_open, minmay_lair_entry_lava,
          wad_floor_pattern_1
Temple:   dshaligram_water_room_temple
Lair:1:   minmay_stone_trees_small

Skill      XL: |  1  2  3  4  5  6  7  8  9 |
---------------+----------------------------+-----
Short Blades   | 1 2 |  2.0
Conjurations   | 2 3 4 5 6 |  6.8
Spellcasting   | 5 6 7 8 9 |  9.5
Air Magic      | 1 2 4 5 |  5.8
Poison Magic   | 1 2 3 4 5 |  5.0
Dodging        | 4 5 |  5.7
Fighting       | 1 3 |  3.1
Stealth        | |  2.4
Summonings     | |  1.1
Translocations | |  1.1

Action                   |  1- 3 |  4- 6 |  7- 9 || total
-------------------------+-------+-------+-------++-------
Melee: Dagger            |     4 |    70 |   103 ||   177
 Cast: Magic Dart        |    93 |   162 |   327 ||   582
       Mephitic Cloud    |     1 |    17 |    55 ||    73
       Repel Missiles    |     1 |       |       ||     1
       Call Imp          |       |     3 |     7 ||    10
       Conjure Flame     |       |     3 |     5 ||     8
       Blink             |       |     2 |     9 ||    11
       Slow              |       |       |    10 ||    10
  Use: Scroll            |       |       |    15 ||    15
       Potion            |       |       |     5 ||     5
 Stab: Sleeping          |     1 |     1 |       ||     2
       Confused          |       |     4 |     9 ||    13
  Eat: Chunk             |     1 |    10 |    19 ||    30
       Fruit             |       |     1 |       ||     1
Armor: Robe              |     5 |    26 |    33 ||    64
Dodge: Dodged            |    14 |    56 |   131 ||   201
       Deflected         |     1 |     3 |     2 ||     6
